 Dungeon Crawl Stone Soup version 0.29.1-13-g9f3cf754e1 (webtiles) character file.

Game seed: 9252901126266361467

56 rorsh the Cudgeller (level 3, -3/31 HPs)
             Began as a Palentonga Abyssal Knight on Jan 23, 2023.
             Was a Priest of Lugonu.
             Slain by an ogre
             ... wielding a +0 giant club
              (10 damage)
             ... on level 4 of the Dungeon.
             The game lasted 00:03:57 (1777 turns).

rorsh the Cudgeller (Palentonga Abyssal Knight)     Turns: 1777, Time: 00:03:58

Health: -3/31      AC:  6    Str: 20    XL:     3   Next: 69%
Magic:  4/4        EV:  8    Int: 10    God:    Lugonu [***...]
Gold:   67         SH:  0    Dex: 10    Spells: 2/2 levels left

rFire   . . .      SeeInvis +   s - +0 flail
rCold   . . .      Faith    .   (no shield)
rNeg    . . .      Spirit   .   m - +0 ring mail
rPois   .          Reflect  .   (no helmet)
rElec   .          Harm     .   (no cloak)
rCorr   +          Rampage  .   r - +0 pair of gloves
Will    .....                   (no barding)
Stlth   ..........              (no amulet)
HPRegen 0.10/turn               j - ring of resist corrosion
MPRegen 0.09/turn               (no ring)

@: no status effects
A: large, rugged brown scales 3, see invisible, deformed body, roll 1, armoured
tail
a: Rolling Charge, Renounce Religion, Depart the Abyss, Bend Space, Banish


You were on level 4 of the Dungeon.
You worshipped Lugonu.
Lugonu was most pleased with you.
You visited 1 branch of the dungeon, and saw 4 of its levels.
You visited the Abyss 1 time.

You collected 67 gold pieces.

Inventory:

Hand Weapons
 a - a +1 mace
 s - a +0 flail (weapon)
Armour
 b - a +0 leather armour
 m - a +0 ring mail (worn)
 r - a +0 pair of gloves (worn)
Jewellery
 j - a ring of resist corrosion (left hand)
Scrolls
 d - 2 scrolls of teleportation {unknown}
 g - 2 scrolls of identify {unknown}
 h - a scroll of enchant armour {unknown}
 n - a scroll of blinking {unknown}
 p - 2 scrolls of fog {unknown}
 t - a scroll of silence {unknown}
Potions
 c - 2 potions of heal wounds
 e - a potion of invisibility {unknown}
 f - a potion of resistance {unknown}
 i - a potion of haste {unknown}
 k - 3 potions of curing {unknown}
 l - 2 potions of cancellation {unknown}
 o - 2 potions of degeneration {unknown}
 q - a potion of attraction {unknown}


   Skills:
 - Level 3.0 Fighting
 * Level 4.1 Maces & Flails
 - Level 1.5 Armour
 - Level 0.7 Dodging
 - Level 2.0 Invocations


You had 2 spell levels left.
You didn't know any spells.
Your spell library contained the following spells:

 Spells                   Type           Power      Damage    Failure   Level
 Dazzling Flash           Conj/Hex       0%         N/A       88%         3
 Agony                    Necr           0%         N/A       100%        5
 Silence                  Hex/Air        0%         N/A       100%        5


Dungeon Overview and Level Annotations

Branches:
Dungeon (3/15)

Altars:


Innate Abilities, Weirdness & Mutations

You are completely covered in rugged brown scales. (AC +3, +7% HP)
You have supernaturally acute eyesight. (SInv)
Armour fits poorly on your strangely shaped body.
You can roll at nearby foes to attack.
You have a long armoured tail.


Message History

You fall into a shaft and drop 1 floor!
The shaft crumbles and collapses.
o - 2 fuming dark potions (gained 1)
An adder comes into view.
Found a scroll labelled BIQECITZIG and a leather armour.
The adder hisses angrily.
An adder is nearby!
An adder is nearby!
You sock the adder!
You kill the adder!
Lugonu accepts your kill.
Your Maces & Flails skill increases to level 4!
You see here an adder corpse.
t - a scroll labelled BIQECITZIG You open the door.
An ogre comes into view. It is wielding a +0 giant club.
The ogre shouts!
An ogre is nearby!
An ogre is nearby!
There is an open door here.
You hit the ogre.
The ogre is moderately wounded.
The ogre barely misses you.
You completely miss the ogre.
The ogre is lightly wounded.
The ogre hits you with a +0 giant club.
You sock the ogre!
The ogre is heavily wounded.
You hit the ogre but do no damage.
The ogre is heavily wounded.
The ogre hits you with a +0 giant club!
Ouch! That really hurt!
You closely miss the ogre. You tail-slap the ogre.
The ogre is severely wounded.
The ogre hits you with a +0 giant club.
* * * LOW HITPOINT WARNING * * *
You barely miss the ogre.
The ogre is severely wounded.
The ogre hits you with a +0 giant club!
You die...

#...... ... #......
...###############......
........................
.......................
#.....................
#.....................
#.....................
#####@####.....#####..
#...O....#....†# #..
##.......#.....# +..
#.......#.....# #..
.........#.....+ #..
..........#...[.# #..
...........#.....# #..
..##+#######.....# ...
..##### #.#.


You could see an ogre.

Vanquished Creatures
  2 adders
  A dart slug (D:3)
  3 bats
  2 endoplasms
  2 giant cockroaches (D:1)
  A goblin (D:1)
  2 hobgoblins (D:1)
  2 jackals (D:2)
  2 quokkas
  3 ball pythons (D:1)
  5 frilled lizards (D:1)
  4 kobolds
  7 rats (D:1)
36 creatures vanquished.

Notes
Turn   | Place    | Note
-------+----------+-------------------------------------------
     0 | Abyss:1  | rorsh the Palentonga Abyssal Knight began the quest for the
                  | Orb.
     0 | Abyss:1  | Reached XP level 1. HP: 19/19 MP: 2/2
     1 | D:1      | Escaped the Abyss
   397 | D:1      | Reached XP level 2. HP: 22/25 MP: 3/3
   554 | D:1      | Reached skill level 3 in Maces & Flails
   650 | D:1      | Found a faded altar of an unknown god.
   709 | D:1      | Reached *** piety under Lugonu
  1040 | D:2      | Reached XP level 3. HP: 5/31 MP: 4/4
  1739 | D:3      | You fall into a shaft and drop 1 floor!
  1759 | D:4      | Reached skill level 4 in Maces & Flails
  1770 | D:4      | Noticed an ogre
  1777 | D:4      | Slain by an ogre

Illustrated notes

Levels and vault maps discovered:
D:1:      grunt_arrival_crossed_arrows, layout_basic, basic_ecumenical_altar
D:2:      layout_basic
D:3:      layout_basic, trog_hazing_becter, grunt_temple_overflow_open,
          minmay_quadrilaterals
D:4:      layout_gridville, mainiacjoe_overflow_boulevard,
          makhleb_altar_promises_db, hangedman_abyss_or_decor_stabs,
          minmay_pentomino_pile, uniq_menkaure

Skill      XL: |  1  2  3 |
---------------+----------+-----
Maces & Flails | 3 4 |  4.1
Fighting       | |  3.0
Armour         | |  1.5
Dodging        | |  0.7
Invocations    | |  2.0

Action                   || total
-------------------------++-------
Melee: Mace              ||    96
       Tailslap          ||    11
       Flail             ||    10
  Use: Potion            ||     1
Armor: Leather armour    ||    43
       Ring mail         ||     6
Dodge: Dodged            ||    63
